 Dungeon Crawl Stone Soup version 0.28.0-43-g3370ac3207 (webtiles) character file.

Game seed: 14506482198920300771

75 adizb the Ruffian (level 4, -11/44 HPs)
             Began as a Troll Fighter on Mar 14, 2022.
             Mangled by an ogre
             ... wielding a +0 giant club
              (28 damage)
             ... on level 4 of the Dungeon.
             The game lasted 00:05:24 (1222 turns).

adizb the Ruffian (Troll Fighter)                   Turns: 1222, Time: 00:05:24

Health: -11/44     AC:  4    Str: 24    XL:     4   Next: 11%
Magic:  3/3        EV:  9    Int:  4    God:
Gold:   76         SH:  7    Dex: 11    Spells: 3/3 levels left

rFire   . . .      SeeInvis .     - Unarmed
rCold   . . .      Faith    .   b - +0 kite shield
rNeg    . . .      Spirit   .   a - +0 robe
rPois   .          Reflect  .   (helmet restricted)
rElec   .          Harm     .   (no cloak)
rCorr   .          Rampage  .   (gloves unavailable)
Will    .....                   (boots unavailable)
Stlth   +.........              (no amulet)
HPRegen 0.94/turn               (no ring)
MPRegen 0.08/turn               (no ring)

@: no status effects
A: large, unfitting armour, claws 3, regeneration 1, shaggy fur 1, tough skin 1
a: no special abilities


You were on level 4 of the Dungeon.
You visited 1 branch of the dungeon, and saw 3 of its levels.

You collected 76 gold pieces.

Inventory:

Missiles
 f - 4 poisoned darts (quivered)
Armour
 a - a +0 robe (worn)
 b - a +0 kite shield (worn)
Wands
 l - a wand of polymorph (13)
Scrolls
 d - a scroll of silence {unknown}
 m - 2 scrolls of identify {unknown}
 n - a scroll of magic mapping {unknown}
Potions
 c - a potion of might
 e - a potion of lignification {unknown}
 g - a potion of resistance {unknown}
 h - a potion of heal wounds {unknown}
 i - a potion of berserk rage {unknown}
 j - a potion of degeneration {unknown}
 k - a potion of brilliance {unknown}


   Skills:
 + Level 2.7 Fighting
 * Level 1.8 Throwing
 + Level 2.6 Dodging
 + Level 2.6 Shields
 * Level 2.8 Unarmed Combat


You had 3 spell levels left.
You didn't know any spells.
Your spell library was empty.

Dungeon Overview and Level Annotations

Branches:
Dungeon (4/15)
 Temple: D:4-7

Altars:


Innate Abilities, Weirdness & Mutations

You are too large for most types of armour.
You have claws for hands.
Your natural rate of healing is unusually fast.
You are covered in fur. (AC +1)
You have tough skin. (AC +1)


Message History

The ball python hisses angrily.
You see here a scroll labelled MIARAUZAKHLU.
m - 2 scrolls labelled MIARAUZAKHLU (gained 1)
You claw the ball python!
You kill the ball python!
No target in view!
The howler monkey skeleton hits you but does no damage.
You claw the howler monkey skeleton!
The howler monkey skeleton is severely damaged.
The howler monkey skeleton completely misses you.
You claw the howler monkey skeleton!
You destroy the howler monkey skeleton!
You have reached level 4!
You now have 71 gold pieces (gained 5).
You now have 76 gold pieces (gained 5).
Found a short sword.
You open the door.
There is an open door here.
Found a stone staircase leading up.
Found a stone staircase leading up.
An ogre and an orc come into view.
The ogre shouts!
You hear a shout!
There is an open door here.
You close the door.
You open the door.
There is an open door here.
As you close the door, it creaks loudly!
Found 16 sling bullets.
Found 17 stones.
You enter the shallow water.
Moving in this stuff is going to be slow.
An orc is nearby!
An orc comes into view. It is wielding a +0 dagger.
You see here 17 stones.
The ogre hits you with a +0 giant club!!
Ouch! That really hurt!
You open the door.
The ogre hits you with a +0 giant club!!
Ouch! That really hurt!
You die...

#≈≈≈≈≈≈≈≈.# ###≈≈≈≈≈#
#..≈≈≈≈.# #..≈≈≈≈≈###
########..≈≈.≈...#
......>...≈≈≈≈≈(.+
.#######..≈≈≈≈..o# .#
#..≈≈≈≈..O# .#
#..≈≈≈.o.@# .#
#..≈≈≈≈...'...... .#
#####..≈.≈≈...#######
.# #......≈≈.≈≈### .#
#......≈≈≈.## .#
#.......≈≈.≈## .#
#......≈≈≈≈≈≈## .
...... .#
####...≈≈≈≈≈≈≈#
.#.....## .#
##..≈.≈≈≈≈≈ .....O<..


You could see an ogre and 2 orcs.

Vanquished Creatures
  An iguana (D:4)
  A howler monkey skeleton (D:4)
  An adder (D:2)
  A worm (D:2)
  3 bats
  2 endoplasms
  2 giant cockroaches (D:1)
  4 goblins (D:1)
  2 hobgoblins
  2 kobolds (D:1)
  A quokka (D:1)
  3 ball pythons
  A frilled lizard (D:1)
  5 rats
29 creatures vanquished.

Notes
Turn   | Place    | Note
-------+----------+-------------------------------------------
     0 | D:1      | adizb the Troll Fighter began the quest for the Orb.
     0 | D:1      | Reached XP level 1. HP: 22/22 MP: 0/0
   313 | D:1      | Reached XP level 2. HP: 29/29 MP: 1/1
   428 | D:1      | Reached skill level 1 in Throwing
   630 | D:2      | Reached XP level 3. HP: 29/36 MP: 2/2
   691 | D:2      | Found a faded altar of an unknown god.
  1079 | D:2      | You fall into a shaft and drop 2 floors!
  1155 | D:4      | Reached XP level 4. HP: 44/44 MP: 3/3
  1172 | D:4      | Noticed an ogre
  1222 | D:4      | Mangled by an ogre

Illustrated notes

Levels and vault maps discovered:
D:1:      roderic_crossed_star, layout_basic
D:2:      layout_basic, shapermc_ecumenical_altar_notcrosses
D:4:      kennysheep_kobold_camp, layout_basic, chequers_serial_rivers_large_a

Skill      XL: |  1  2 |
---------------+-------+-----
Throwing       | 1 |  1.8
Fighting       | |  2.7
Dodging        | |  2.6
Shields        | |  2.6
Unarmed Combat | |  2.8

Action                   |  1- 3 |  4- 6 || total
-------------------------+-------+-------++-------
Melee: Unarmed           |    63 |       ||    63
 Stab: Distracted        |     1 |       ||     1
Armor: Robe              |    17 |       ||    17
Dodge: Dodged            |    16 |       ||    16
Block: Kite shield       |    18 |       ||    18
